 Dungeon Crawl Stone Soup version 0.19-a0-517-gd6a9987 (webtiles) character file.

3493 tyrsky the Grappler (level 9, -5/74 HPs)
             Began as a Troll Necromancer on June 6, 2016.
             Was a Follower of Ru.
             Slain by a killer bee (6 damage)
             ... on level 7 of the Dungeon.
             The game lasted 00:22:35 (5053 turns).

tyrsky the Grappler (Troll Necromancer)             Turns: 5053, Time: 00:22:35

Health: -5/74      AC:  5    Str: 18    XL:     9   Next: 80%
Magic:  6/9        EV: 15    Int: 11    God:    Ru [*.....]
Gold:   456        SH:  0    Dex: 13    Spells: 2 memorised, 6 levels left

rFire  . . .     SeeInvis .       - Unarmed
rCold  . . .     Gourm    +     a - +0 robe
rNeg   . . .     Faith    .     (no shield)
rPois  .         Spirit   .     (helmet restricted)
rElec  .         Dismiss  .     l - -1 cloak (curse)
rCorr  .         Reflect  .     (gloves unavailable)
SustAt .         Harm     .     (boots unavailable)
MR     +....                    (no amulet)
Stlth  +.........               q - ring of protection from magic
                                g - +5 ring of evasion

@: lethally poisoned (-5 -> -6), regenerating (expiring), somewhat resistant to
hostile enchantments, very unstealthy
A: unfitting armour, claws 3, fast metabolism 3, gourmand, regeneration 2,
shaggy fur 1, tough skin 2, hated by all
a: Renounce Religion


You were on level 7 of the Dungeon.
You worshipped Ru.
Ru was aware of your devotion.
You were not hungry.

You visited 1 branch of the dungeon, and saw 8 of its levels.
You also visited: Sewer.

You collected 456 gold pieces.

Inventory:

Armour
 a - a +0 robe (worn)
 e - a storm dragon hide
 l - a cursed -1 cloak (worn)
Jewellery
 g - a +5 ring of evasion (left claw)
 p - an uncursed ring of wizardry
 q - a ring of protection from magic (right claw)
 F - an uncursed amulet of regeneration {unknown}
Wands
 h - a wand of acid (4/15)
 A - a wand of slowing (25/48)
 C - a wand of digging (15/24)
Scrolls
 d - 8 scrolls of identify {@*1}
 f - 2 scrolls of teleportation
 k - a scroll of enchant weapon
 m - 2 scrolls of magic mapping
 n - 2 scrolls of remove curse {unknown}
 t - 3 scrolls of fear {unknown}
 w - a scroll of random uselessness {unknown}
 D - 3 scrolls of fog {unknown}
 G - a scroll of enchant armour {unknown}
 H - 3 scrolls of silence {unknown}
Potions
 o - 2 potions of cure mutation {unknown}
 r - a potion of brilliance {unknown}
 s - 2 potions of magic {unknown}
 v - a potion of ambrosia {unknown}
 z - 2 potions of lignification {unknown}
 E - a potion of degeneration {unknown}
Books
 b - a book of Necromancy

   Spells                             Type                      Level
   a - Pain                           Necromancy                   1
   b - Animate Skeleton               Necromancy                   1
   c - Vampiric Draining              Necromancy                   3
   d - Regeneration                   Charms/Necromancy            3
   e - Animate Dead                   Necromancy                   4
   f - Control Undead                 Necromancy                   4
 x - a book of Misfortune

   Spells                             Type                      Level
   a - Confusing Touch                Hexes                        2
   b - Confuse                        Hexes                        3
   c - Gell's Gravitas                Hexes/Translocation          3
   d - Petrify                        Transmutation/Earth          4
   e - Metabolic Englaciation         Hexes/Ice                    5
   f - Yara's Violent Unravelling     Hexes/Transmutation          5
 y - a Necronomicon

   Spells                             Type                      Level
   a - Haunt                          Necromancy/Summoning         7
   b - Borgnjor's Revivification      Necromancy                   8
   c - Death's Door                   Charms/Necromancy            8
   d - Necromutation                  Transmutation/Necromancy     8
Comestibles
 c - 5 bread rations
 j - a meat ration
 B - a slice of pizza


   Skills:
 - Level 1.5 Dodging
 - Level 1.1 Stealth
 * Level 11.3 Unarmed Combat
 - Level 1.2 Spellcasting
 + Level 3.6 Charms
 + Level 5.7 Necromancy


You had 6 spell levels left.
You knew the following spells:

 Your Spells              Type           Power        Failure   Level  Hunger
a - Pain                  Necr           ##..         2%          1    ##.....
b - Regeneration          Chrm/Necr      ##........   14%         3    ####...


Dungeon Overview and Level Annotations

Branches:
Dungeon (8/15)             Temple (0/1) D:5
   Lair: D:8-11

Altars:
Hepliaklqana
Kikubaaqudgha
Makhleb
Qazlal
Ru
Trog
Vehumet
The Shining One

Annotations:
D:6 1 runed door


Innate Abilities, Weirdness & Mutations

You are too large for most types of armour.
You have claws for hands.
Your metabolism is lightning-fast.
You like to eat raw meat.
You heal very quickly.
You are covered in fur. (AC +1)
You have very tough skin. (AC +2)
You are hated by all.


Message History

* * * LOW HITPOINT WARNING * * *
You are more poisoned.
The killer bee poisons you!
You closely miss the killer bee. Your claw misses the killer bee.
You feel sick. The killer bee stings you!
* * * LOW HITPOINT WARNING * * *
You are more poisoned.
The killer bee poisons you! The killer bee closely misses you.
You claw the killer bee!
The killer bee is heavily wounded.
You feel sick. The killer bee stings you!
* * * LOW HITPOINT WARNING * * *
You are lethally poisoned!
The killer bee poisons you!
Okay, then.
You miss the killer bee.
The killer bee is heavily wounded.
* * * LOW HITPOINT WARNING * * *
You feel sick. The killer bee stings you.
You die...

####### #############...(.#
######.##..............#
##......#...............#
##..<...............##.###
#..................###[####
#.........y................
#.........T........[......#
#..........).......###.##..
#..................##..####
#..................##.## #.
##................###.# ##.
##.....#......[...##.# #..
#######.#####..#.##รท# #.#
#..........#.##.###.#
#..........#.##.#...#


You could see a killer bee.

Vanquished Creatures
  Pikel (D:4)
  Sigmund (D:5)
  Eustachio (D:6)
  A steam dragon (D:7)
  Menkaure (D:7)
  Duvessa (D:5)
  A soldier ant (D:6)
  A phantom (D:5)
  A sky beast (D:7)
  An ogre (D:5)
  3 big kobolds (Sewer)
  A giant frog (D:6)
  A gnoll sergeant (D:7)
  Dowan (D:5)
  4 scorpions
  3 wights (D:7)
  4 killer bees
  3 vampire bats (D:4)
  2 howler monkeys
  A crimson imp (D:4)
  5 orc priests
  3 hounds
  A jelly (D:7)
  2 orc wizards
  12 worker ants
  Robin (D:3)
  7 gnolls
  5 adders
  2 river rats (Sewer)
  A shadow imp (D:7)
  5 oozes
  2 adder skeletons
  4 worms
  6 giant geckos
  18 orcs
  4 bats
  A bat skeleton (D:4)
  6 bat zombies (D:4)
  8 giant cockroaches
  22 goblins
  6 hobgoblins
  9 jackals
  A quokka (D:6)
  6 ball pythons (Sewer)
  5 giant newts
  6 kobolds
  A quokka skeleton (D:4)
  7 rats
189 creatures vanquished.

Vanquished Creatures (others)
  The ghost of WereVolvo the Insei, an amateur OpTm (D:4)
  A scorpion (D:4)
2 creatures vanquished.

Grand Total: 191 creatures vanquished

Notes
Turn   | Place    | Note
--------------------------------------------------------------
     0 | D:1      | tyrsky the Troll Necromancer began the quest for the Orb.
     0 | D:1      | Reached XP level 1. HP: 16/16 MP: 1/1
    87 | D:1      | Reached skill level 1 in Unarmed Combat
   297 | D:2      | Reached XP level 2. HP: 21/24 MP: 0/2
   304 | D:2      | Reached skill level 2 in Unarmed Combat
   654 | D:2      | Found a faded altar of an unknown god.
   712 | D:2      | Reached XP level 3. HP: 31/31 MP: 0/3
   715 | D:2      | Found a burning altar of Makhleb.
   721 | D:2      | Reached skill level 3 in Unarmed Combat
   791 | D:2      | Found a sacrificial altar of Ru.
   797 | D:2      | Became a worshipper of Ru the Awakened
  1017 | D:4      | Reached XP level 4. HP: 22/39 MP: 0/4
  1227 | D:4      | Reached skill level 4 in Unarmed Combat
  1242 | D:4      | Reached XP level 5. HP: 45/45 MP: 2/5
  1261 | D:4      | Reached skill level 5 in Unarmed Combat
  1421 | D:4      | Noticed Pikel
  1421 | D:4      | Noticed a slave
  1421 | D:4      | Noticed a slave
  1422 | D:4      | Noticed a slave
  1433 | D:4      | Noticed WereVolvo's ghost (amateur OpTm)
  1440 | D:4      | Noticed a slave
  1449 | D:4      | Killed Pikel
  1449 | D:4      | Reached skill level 7 in Unarmed Combat
  1449 | D:4      | Reached XP level 6. HP: 29/53 MP: 1/6
  1449 | D:4      | Reached XP level 7. HP: 32/59 MP: 1/7
  1476 | D:4      | Killed WereVolvo's ghost
  1541 | D:4      | Found an ancient bone altar of Kikubaaqudgha.
  1556 | D:4      | Reached skill level 8 in Unarmed Combat
  1576 | D:4      | Learned a level 3 spell: Regeneration
  2189 | D:3      | Noticed Robin
  2224 | D:3      | Killed Robin
  2417 | D:5      | Entered Level 5 of the Dungeon
  2441 | D:5      | Reached skill level 1 in Charms
  2441 | D:5      | Reached XP level 8. HP: 60/67 MP: 4/8
  2589 | D:5      | Found a glowing drain.
  2593 | Sewer    | Entered a sewer
  2688 | Sewer    | Reached skill level 9 in Unarmed Combat
  3196 | D:5      | Found a bloodstained altar of Trog.
  3221 | D:5      | Noticed Duvessa
  3248 | D:5      | Noticed Dowan
  3256 | D:5      | Killed Duvessa
  3259 | D:5      | Killed Dowan
  3337 | D:5      | Found a glowing golden altar of the Shining One.
  3337 | D:5      | Noticed Sigmund
  3356 | D:5      | Killed Sigmund
  3385 | D:5      | Found a radiant altar of Vehumet.
  3407 | D:5      | Reached skill level 10 in Unarmed Combat
  3612 | D:5      | Found a staircase to the Ecumenical Temple.
  3625 | D:5      | Gained mutation: You are hated by all. [Ru sacrifice]
  3625 | D:5      | Reached * piety under Ru
  3682 | D:6      | Noticed Eustachio
  3694 | D:6      | Killed Eustachio
  3694 | D:6      | Reached XP level 9. HP: 70/74 MP: 9/9
  3799 | D:6      | Found a stormy altar of Qazlal.
  3849 | D:6      | Found a hazy altar of Hepliaklqana.
  4147 | D:6      | Found a runed door.
  4149 | D:6      | Found a runed door.
  4168 | D:6      | Reached skill level 5 in Necromancy
  4623 | D:7      | Noticed Menkaure
  4631 | D:7      | Killed Menkaure
  4631 | D:7      | Reached skill level 11 in Unarmed Combat
  5052 | D:7      | HP: 1/74 [killer bee (8)]
  5053 | D:7      | Slain by a killer bee

Vault maps used:
D:1:      wheals_arrival_linesprint, hangedman_decor_lopped
D:2:      lemuel_round_altar, okawaru_altar_gauntlet_db, bloody_makhleb,
          ecumenical_altar_2
D:3:      kennysheep_goblin_castle, first_bread
D:4:      kennysheep_vampire_church, serial_glass, glass_columns_c,
          glass_columns_c, glass_columns_b, glass_columns_c, glass_columns_c,
          minmay_misc_feat_nine_boxes, minmay_misc_feat_hallway, uniq_pikel
D:5:      lemuel_round_altar, kennysheep_mini, minmay_temple_entry_fiery,
          basic_altar, gup_sewer_entry_bowl, dk_noncrumbling_3, uniq_sigmund,
          uniq_duvessa
D:6:      lemuel_insect_pit, lemuel_round_altar, nicolae_overflow_hidden_temple,
          uniq_eustachio
D:7:      minmay_crystal_water, uniq_menkaure
D:8:      lemuel_ice_spiral_2, gammafunk_temple_overflow_wave,
          due_lair_maze_entry_diamond, uniq_prince_ribbit1
Sewer:    sewer_co_tree

Skill      XL: |  1  2  3  4  5  6  7  8  9 |
---------------+----------------------------+-----
Unarmed Combat | 1 2 3 4 7 8 10 11 | 11.3
Charms         | 1 2 3 |  3.6
Necromancy     | 4 5 |  5.7
Dodging        | |  1.5
Stealth        | |  1.1
Spellcasting   | |  1.2

Action                   |  1- 3 |  4- 6 |  7- 9 || total
-------------------------+-------+-------+-------++-------
Melee: Unarmed           |    77 |    33 |   436 ||   546
       Punch             |       |     1 |    10 ||    11
 Cast: Pain              |    24 |    19 |    52 ||    95
       Regeneration      |       |       |    14 ||    14
Invok: Reject Sacrifices |       |       |     1 ||     1
       Sacrifice Love    |       |       |     1 ||     1
  Use: Scroll            |     5 |       |       ||     5
       Potion            |       |     6 |     4 ||    10
 Stab: Sleeping          |       |       |     3 ||     3
       Distracted        |       |       |     1 ||     1
  Eat: Chunk             |     5 |     8 |    32 ||    45
       Bread ration      |     1 |       |       ||     1
       Meat ration       |       |       |     1 ||     1
Armor: Robe              |    37 |     9 |   147 ||   193
       Storm dragon hide |     6 |       |       ||     6
Dodge: Dodged            |    42 |    18 |   365 ||   425
